 Dungeon Crawl Stone Soup version 0.26-a0-30-g56b8cd3df0 (webtiles) character file.

Game seed: 15161761087939030517, levelgen mode: deterministic

127 senseless the Shield-Bearer (level 4, 0/40 HPs)
             Began as a Minotaur Fighter on May 30, 2020.
             Succumbed to an adder's poison
             ... on level 2 of the Dungeon.
             The game lasted 00:10:24 (1830 turns).

senseless the Shield-Bearer (Minotaur Fighter)      Turns: 1830, Time: 00:10:24

Health: 0/40       AC:  7    Str: 23    XL:     4   Next: 85%
Magic:  3/3        EV:  8    Int:  3    God:
Gold:   58         SH: 10    Dex: 10    Spells: 3/3 levels left

rFire    . . .     SeeInvis .   a - +1 flail
rCold    . . .     Gourm    .   c - +0 kite shield
rNeg     . . .     Faith    +   b - +0 scale mail
rPois    .         Spirit   .   (helmet restricted)
rElec    .         Reflect  .   (no cloak)
rCorr    .         Harm     .   (no gloves)
MR       +....                  (no boots)
Stlth    ..........             k - amulet of faith
HPRegen  0.13/turn              (no ring)
MPRegen  0.08/turn              (no ring)

@: brilliant, lethally poisoned (0 -> -2), very slightly contaminated
A: retaliatory headbutt, horns 2, blink, dopey 1, magic resistance 1, strong 1
a: Blink


You were on level 2 of the Dungeon.
You were not hungry.

You visited 1 branch of the dungeon, and saw 2 of its levels.

You collected 58 gold pieces.

Inventory:

Hand Weapons
 a - a +1 flail (weapon)
Armour
 b - a +0 scale mail (worn)
 c - a +0 kite shield (worn)
 l - a +0 kite shield
Jewellery
 j - an uncursed ring of wizardry
 k - an amulet of faith (around neck)
Scrolls
 e - a scroll of teleportation
 h - 3 scrolls of identify
 m - a scroll of random uselessness
Comestibles
 d - 5 chunks of flesh
 f - 5 rations


   Skills:
 + Level 4.3 Fighting
 + Level 3.8 Maces & Flails
 + Level 4.5 Armour
 + Level 0.5 Dodging
 + Level 4.8 Shields


You had 3 spell levels left.
You didn't know any spells.
Your spell library was empty.

Dungeon Overview and Level Annotations

Branches:
Dungeon (2/15)

Altars:

Annotations:
D:2 Robin


Innate Abilities, Weirdness & Mutations

You reflexively headbutt those who attack you in melee.
You have a pair of horns on your head.
You can translocate small distances at will.
You are dopey. (Int -2)
You are resistant to hostile enchantments. (MR+)
Your muscles are strong. (Str +2)


Message History

It is a scroll of enchant weapon.
Your +0 flail glows red for a moment.
As you read the scroll labeled OSAHOG QACI, it crumbles to dust.
You feel blessed for a moment.
It was a scroll of remove curse.
* * * LOW HITPOINT WARNING * * *
You feel sick.
Blink to where?
Press: ? - help, Dir - move target cursor You are very lightly contaminated with residual magic.
As you read the scroll labeled FAISAE HAOLACK, it crumbles to dust.
It was a scroll of blinking.
There is a lethal amount of poison in your body!
There is a lethal amount of poison in your body!
* * * LOW HITPOINT WARNING * * *
You feel sick.
* * * LOW HITPOINT WARNING * * *
You feel sick.
* * * LOW HITPOINT WARNING * * *
You feel sick.
You die...

# # ###### #.....
########## #.....
#......... #.....
#@# ### #..... #.#
#.### #.....
#.####...# #.....
#......#.#.#######
#####..#.........'
#..#...#######
#..#.........#
#..##....#>...
#..##....#.###


There were no monsters in sight!

Vanquished Creatures
  A jelly (D:2)
  3 adders (D:2)
  2 worms (D:2)
  A giant cockroach (D:1)
  16 goblins
  7 hobgoblins
  8 jackals (D:2)
  5 kobolds
  2 quokkas (D:2)
  5 bats
  3 frilled lizards
  7 rats
60 creatures vanquished.

Notes
Turn   | Place    | Note
-------+----------+-------------------------------------------
     0 | D:1      | senseless the Minotaur Fighter began the quest for the Orb.
     0 | D:1      | Reached XP level 1. HP: 19/19 MP: 0/0
   310 | D:1      | Reached XP level 2. HP: 25/27 MP: 1/1
   884 | D:2      | Reached XP level 3. HP: 20/33 MP: 2/2
   892 | D:2      | Gained mutation: Your flesh is cold resistant. (rC+)
                  | [potion of mutation]
   892 | D:2      | Gained mutation: You have a pair of large horns on your
                  | head. [potion of mutation]
   893 | D:2      | Lost mutation: You have a pair of large horns on your head.
                  | [potion of mutation]
   893 | D:2      | Lost mutation: Your flesh is cold resistant. (rC+) [potion
                  | of mutation]
   893 | D:2      | Gained mutation: Your mind is acute. (Int +2) [potion of
                  | mutation]
   893 | D:2      | Gained mutation: You expend magic power (3 MP) to
                  | strengthen your wands. [potion of mutation]
   893 | D:2      | Gained mutation: Your muscles are strong. (Str +2) [potion
                  | of mutation]
  1254 | D:2      | Lost mutation: You expend magic power (3 MP) to strengthen
                  | your wands. [potion of mutation]
  1254 | D:2      | Lost mutation: Your mind is acute. (Int +2) [potion of
                  | mutation]
  1254 | D:2      | Gained mutation: You are resistant to hostile enchantments.
                  | (MR+) [potion of mutation]
  1254 | D:2      | Gained mutation: You are dopey. (Int -2) [potion of
                  | mutation]
  1254 | D:2      | Gained mutation: You can translocate small distances at
                  | will. [potion of mutation]
  1455 | D:2      | Reached XP level 4. HP: 35/40 MP: 3/3
  1772 | D:2      | Noticed Robin
  1822 | D:2      | HP: 2/40 [poisoned by an adder]
  1827 | D:2      | HP: 1/40 [poisoned by an adder]
  1830 | D:2      | Succumbed to an adder's poison

Illustrated notes

Levels and vault maps discovered:
D:1:      lightli_arrival_isolated_outpost, layout_basic
D:2:      layout_basic, first_ration, uniq_robin

Skill      XL: |  1  2  3 |
---------------+----------+-----
Shields        | 4 |  4.8
Fighting       | 4 |  4.3
Armour         | 4 |  4.5
Maces & Flails | 3 |  3.8
Dodging        | |  0.5

Action                   |  1- 3 |  4- 6 || total
-------------------------+-------+-------++-------
Melee: Flail             |   107 |    79 ||   186
       Headbutt          |    14 |     4 ||    18
  Use: Potion            |     4 |     3 ||     7
       Scroll            |       |     7 ||     7
  Eat: Chunk             |     2 |     1 ||     3
Armor: Scale mail        |    40 |    24 ||    64
       Skin              |       |    26 ||    26
Dodge: Dodged            |    42 |    21 ||    63
Block: Kite shield       |    49 |    42 ||    91

Table legend:
 A = Non-vault XP
 B = Vault XP
 C = Vault XP percentage of total XP
 D = Non-vault monster count
 E = Vault monster count
 F = Vault count percentage of total count
                 A         B        C        D         E       F
            +---------+---------+-------+---------+---------+-------
      Total |     164 |      18 |   9.9 |      51 |       9 |  15.0
            +---------+---------+-------+---------+---------+-------
        D:1 |      32 |       0 |   0.0 |      21 |       0 |   0.0
        D:2 |     132 |      18 |  12.0 |      30 |       9 |  23.1
            +---------+---------+-------+---------+---------+-------
